 Dungeon Crawl Stone Soup version 0.29.1-15-g9cfb28693d (webtiles) character file.

Game seed: 9667695929882393613

1716 workbot the Cleaver (level 8, -5/65 HPs)
             Began as a Minotaur Berserker on Feb 28, 2023.
             Was a Priest of Trog.
             Slain by Prince Ribbit (11 damage)
             ... on level 7 of the Dungeon on Mar 1, 2023.
             The game lasted 00:18:02 (5477 turns).

workbot the Cleaver (Minotaur Berserker)            Turns: 5477, Time: 00:18:03

Health: -5/65      AC: 19    Str: 28      XL:     8   Next: 74%
Magic:  7/7        EV:  4    Int:  2 (3)  God:    Trog [***...]
Gold:   260        SH:  9    Dex:  9      Spells: 7/7 levels left

rFire   . . .      SeeInvis .   o - +6 mace (protect)
rCold   . . .      Faith    .   v - +0 tower shield
rNeg    + . .      Spirit   .   n - +0 chain mail
rPois   .          Reflect  .   (helmet restricted)
rElec   .          Harm     .   (no cloak)
rCorr   .          Rampage  .   (no gloves)
Will    +....                   p - +0 pair of boots
Stlth   ..........              j - amulet of regeneration
HPRegen 1.00/turn               t - ring of willpower
MPRegen 0.10/turn               r - ring of positive energy

@: under a protective aura
A: horns 2, retaliatory headbutt, iridescent scales 1, frail 1, strong 1,
MP-powered wands
a: Renounce Religion, Berserk, Trog's Hand


You were on level 7 of the Dungeon.
You worshipped Trog.
Trog was most pleased with you.
You visited 1 branch of the dungeon, and saw 7 of its levels.

You collected 260 gold pieces.

Inventory:

Hand Weapons
 a - a +1 hand axe
 o - a +6 mace of protection (weapon)
Armour
 n - a +0 chain mail (worn)
 p - a +0 pair of boots (worn)
 v - a +0 tower shield (worn)
Jewellery
 j - an amulet of regeneration (around neck)
 r - a ring of positive energy (right hand)
 t - a ring of willpower (left hand)
Wands
 l - a wand of flame (17)
 m - a wand of digging (4)
Scrolls
 f - a scroll of enchant armour {unknown}
 g - a scroll of summoning
 h - 4 scrolls of teleportation
 i - a scroll of amnesia {unknown}
 k - a scroll of identify
 s - 3 scrolls of noise
Potions
 c - a potion of heal wounds
 d - 5 potions of curing
 e - 4 potions of attraction
 q - a potion of lignification {unknown}
 u - a potion of brilliance {unknown}


   Skills:
 + Level 7.1 Fighting
 - Level 11.2(11.4) Axes
 * Level 3.4(8.0) Maces & Flails
 - Level 4.5 Armour
 - Level 2.1 Dodging


You had 7 spell levels left.
You didn't know any spells.
Your spell library contained the following spells:

 Spells                   Type           Power      Damage    Failure   Level
 Magic Dart               Conj           0%         1d3       100%        1
 Call Imp                 Summ           0%         N/A       100%        2
 Call Canine Familiar     Summ           0%         N/A       100%        3
 Ignite Poison            Fire/Tmut/Pois 0%         N/A       100%        3
 Mephitic Cloud           Conj/Pois/Air  0%         N/A       100%        3
 Portal Projectile        Hex/Tloc       0%         N/A       100%        3
 Leda's Liquefaction      Hex/Erth       0%         N/A       100%        4
 Freezing Cloud           Conj/Ice/Air   0%         6-21      100%        5


Dungeon Overview and Level Annotations

Branches:
Dungeon (7/15)             Temple (0/1) D:5

Altars:
Cheibriados
Hepliaklqana
Qazlal
Ru
Uskayaw
Xom
Yredelemnul

Shops:
D:3 (   D:4 ?   D:5 (   D:6 *

Annotations:
D:7 Prince Ribbit


Innate Abilities, Weirdness & Mutations

You have a pair of horns on your head.
You reflexively headbutt those who attack you in melee.
You are partially covered in iridescent scales. (AC +2)
You are frail. (-10% HP)
Your muscles are strong. (Str +4, Int/Dex -1)
You expend magic power (3 MP) to strengthen your wands.


Message History

Something hits you. Something shocks you. You block something's attack.
You barely miss something.
You feel yourself speed up.
Something hits you but does no damage. x2
You closely miss something. Your headbutt misses something.
Something hits you but does no damage. x2
You closely miss something. Your headbutt misses something.
Prince Ribbit blinks!
Something hits you but does no damage.
You hit something.
Your weapon exudes an aura of protection.
Your headbutt misses something.
Prince Ribbit blinks!
Something hits you but does no damage.
You miss something. Your headbutt misses something. Prince Ribbit hits you!
Something hits you but does no damage. Prince Ribbit hits you!
Something hits you but does no damage.
You miss something. You headbutt something. You block Prince Ribbit's attack.
Something hits you. Something shocks you.
* * * LOW HITPOINT WARNING * * *
Prince Ribbit barely misses you.
You miss something. Your headbutt misses something.
Prince Ribbit completely misses you. Something hits you but does no damage.
You block Prince Ribbit's attack. You block something's attack.
You miss something. Your headbutt misses something.
You block Prince Ribbit's attack.
Prince Ribbit blinks!
Something hits you.
* * * LOW HITPOINT WARNING * * *
Something shocks you.
* * * LOW HITPOINT WARNING * * *
You sock something!
Your weapon exudes an aura of protection.
Prince Ribbit blinks!
Something hits you but does no damage.
Prince Ribbit blinks!
Something hits you.
* * * LOW HITPOINT WARNING * * *
Something shocks you.
* * * LOW HITPOINT WARNING * * *
You closely miss something.
You recover from your berserk rage.
Prince Ribbit hits you.
* * * LOW HITPOINT WARNING * * *
Prince Ribbit hits you!
You die...

....##^.......##.(.
........))....##...
.....<..).........#
.................<##
#............###...### .
..............###....#..
.................#...§..
...................!..#
..........#.....@{...#
.........###...F.....#
.........# #.........#
..##....## #.....#..##
.##.....## #...§..##.#
#.....#..###..##### ##
.#####.#.....##
##..###..# #.## ###.#


You could see Prince Ribbit.

Vanquished Creatures
  Menkaure (D:4)
  Edmund (D:4)
  A black bear (D:4)
  3 ogres (D:5)
  Blork the orc (D:6)
  2 scorpions
  4 wights (D:7)
  A howler monkey (D:6)
  3 jellies
  4 hounds
  Natasha (thrice) (D:2)
  3 iguanas
  4 orc wizards
  A gnoll (D:2)
  9 adders
  An ufetubus (D:5)
  4 worms
  4 dart slugs
  12 orcs
  3 bats
  8 endoplasms
  6 giant cockroaches
  8 goblins
  14 hobgoblins
  4 jackals
  6 kobolds
  9 quokkas
  9 ball pythons
  A frilled lizard (D:2)
  7 rats
137 creatures vanquished.

Vanquished Creatures (collateral kills)
  A jackal (D:3)
1 creature vanquished.

Grand Total: 138 creatures vanquished

Notes
Turn   | Place    | Note
-------+----------+-------------------------------------------
     0 | D:1      | workbot the Minotaur Berserker began the quest for the Orb.
     0 | D:1      | Reached XP level 1. HP: 19/19 MP: 0/0
   108 | D:1      | Reached skill level 4 in Axes
   126 | D:1      | Reached XP level 2. HP: 13/26 MP: 1/1
   846 | D:2      | Reached skill level 5 in Axes
   965 | D:2      | Reached XP level 3. HP: 31/31 MP: 2/2
  1414 | D:2      | Reached skill level 6 in Axes
  1414 | D:2      | Reached XP level 4. HP: 39/39 MP: 3/3
  1446 | D:2      | Reached ** piety under Trog
  1565 | D:2      | Found a faded altar of an unknown god.
  1580 | D:2      | Noticed Natasha
  1590 | D:2      | Killed Natasha
  1775 | D:2      | Noticed Natasha
  1785 | D:2      | Killed Natasha
  1796 | D:2      | Noticed Natasha
  1805 | D:2      | Killed Natasha
  1806 | D:2      | Reached skill level 7 in Axes
  1806 | D:2      | Reached XP level 5. HP: 33/45 MP: 4/4
  2285 | D:3      | Found Okhluhoa's Weapon Boutique.
  2900 | D:4      | Reached skill level 8 in Axes
  2949 | D:4      | Noticed Menkaure
  2958 | D:4      | Killed Menkaure
  2959 | D:4      | Reached XP level 6. HP: 51/51 MP: 5/5
  2980 | D:4      | Reached skill level 9 in Axes
  3176 | D:4      | Reached XP level 7. HP: 50/57 MP: 6/6
  3276 | D:4      | Reached skill level 10 in Axes
  3280 | D:4      | Reached *** piety under Trog
  3312 | D:4      | Noticed Edmund
  3320 | D:4      | Killed Edmund
  3335 | D:4      | Found Iqau's Magic Scroll Shoppe.
  3855 | D:5      | Entered Level 5 of the Dungeon
  3883 | D:5      | Gained mutation: You expend magic power (3 MP) to
                  | strengthen your wands. [potion of mutation]
  3883 | D:5      | Gained mutation: You are partially covered in iridescent
                  | scales. (AC +2) [potion of mutation]
  3883 | D:5      | Gained mutation: You are frail. (-10% HP) [potion of
                  | mutation]
  3883 | D:5      | Gained mutation: Your muscles are strong. (Str +4, Int/Dex
                  | -1) [potion of mutation]
  3936 | D:5      | Reached skill level 11 in Axes
  3986 | D:5      | Found Oroim's Weapon Shoppe.
  4035 | D:5      | Found a staircase to the Ecumenical Temple.
  4149 | D:5      | Reached XP level 8. HP: 32/60 MP: 7/7
  4297 | D:5      | Reached skill level 5 in Fighting
  4803 | D:6      | Noticed Blork the orc
  4814 | D:6      | Killed Blork the orc
  4875 | D:6      | Found Loext's Assorted Antiques.
  5122 | D:6      | Found a hazy altar of Hepliaklqana.
  5213 | D:6      | Reached skill level 1 in Maces & Flails
  5365 | D:7      | Found a hide-covered altar of Uskayaw.
  5397 | D:7      | Found a stormy altar of Qazlal.
  5397 | D:7      | Found a sacrificial altar of Ru.
  5399 | D:7      | Found a snail-covered altar of Cheibriados.
  5400 | D:7      | Noticed Prince Ribbit
  5401 | D:7      | Found a shimmering altar of Xom.
  5401 | D:7      | Found a basalt altar of Yredelemnul.
  5477 | D:7      | Slain by Prince Ribbit

Illustrated notes

Levels and vault maps discovered:
D:1:      lightli_arrival_maybe_door_vault, layout_loops_ring
D:2:      minmay_angry_zag, layout_basic, hellmonk_ecumenical_altar_run_dry,
          uniq_natasha
D:3:      layout_loops_corners, serial_shops, shop, st_stairs_2,
          minmay_randomly_rotated_circles
D:4:      layout_basic, serial_shops, kennysheep_mini_moat,
          gup_sewer_entry_bubbles, uniq_menkaure, uniq_edmund
D:5:      layout_loops_ring, minmay_temple_entry_large_hall, serial_shops,
          nicolae_shop_bloodbath_and_beyond, minmay_puff
D:6:      layout_rooms, mainiacjoe_overflow_six_doors_small, serial_shops,
          shop_fountains, uniq_blork_the_orc
D:7:      layout_layer_cave, grunt_temple_overflow_open, serial_shops,
          nicolae_stop_n_shop_1, uniq_prince_ribbit1

Skill      XL: |  1  2  3  4  5  6  7  8 |
---------------+-------------------------+-----
Axes           | 4 5 6 7 8 9 11 | 11.2
Fighting       | 4 7 |  7.1
Armour         | 3 4 |  4.5
Maces & Flails | 3 |  3.4
Dodging        | |  2.1

Action                   |  1- 3 |  4- 6 |  7- 9 || total
-------------------------+-------+-------+-------++-------
Melee: Hand axe          |    88 |   110 |   179 ||   377
       Headbutt          |    12 |    17 |    32 ||    61
       Punch             |     1 |     2 |     1 ||     4
       Mace              |       |       |    44 ||    44
Invok: Berserk           |       |     4 |     4 ||     8
       Trog's Hand       |       |     1 |     1 ||     2
  Use: Scroll            |       |     9 |     3 ||    12
       Potion            |       |     1 |     5 ||     6
Armor: Animal skin       |     8 |       |       ||     8
       Scale mail        |    26 |     7 |       ||    33
       Chain mail        |       |    32 |    86 ||   118
Dodge: Dodged            |    44 |    46 |    48 ||   138
Block: Tower shield      |       |       |    17 ||    17
